 Dungeon Crawl Stone Soup version 0.30.0-29-ga12c61a403 (webtiles) character file.

Game seed: 1756063566549777502

59 AgateBread the Digger (level 4, 0/36 HPs)
             Began as a Ghoul Earth Elementalist on June 23, 2023.
             Slain by an orc wizard
             ... wielding a +0 dagger
              (3 damage)
             ... on level 3 of the Dungeon.
             The game lasted 00:10:23 (1993 turns).

AgateBread the Digger (Ghoul Earth Elementalist)    Turns: 1993, Time: 00:10:23

Health: 0/36       AC:  2    Str: 11    XL:     4   Next: 3%
Magic:  0/5        EV: 12    Int: 12    God:
Gold:   140        SH:  0    Dex:  9    Spells: 5/6 levels left

rFire   . . .        b - +1 dagger (venom)
rCold   + . .        (no shield)
rNeg    + + +        a - +0 robe
rPois   ∞            (no helmet)
rElec   .            (no cloak)
rCorr   .            (no gloves)
SInv    .            (no boots)
Will    +....        (no amulet)
Stlth   ++           d - ring of willpower
HPRegen 0.00/turn    (no ring)
MPRegen 0.09/turn

%: no passive effects
@: inhibited regen
A: claws 1, cold resistance 1, negative energy resistance 3, inhibited
regeneration, torment resistance 2, devour on kill
a: no special abilities


You were on level 3 of the Dungeon.
You visited 1 branch of the dungeon, and saw 3 of its levels.

You collected 140 gold pieces.

Inventory:

Hand Weapons
 b - a +1 dagger of venom (weapon)
Missiles
 c - 26 stones
 f - 6 curare-tipped darts
 p - 3 poisoned darts
Armour
 a - a +0 robe (worn)
 g - a +0 chain mail
 l - a +0 scale mail
 s - a +0 buckler
Magical Staves
 r - a staff of earth
Jewellery
 d - a ring of willpower (left claw)
Scrolls
 j - 2 scrolls of poison {unknown}
 m - a scroll of fog {unknown}
 n - a scroll of acquirement {unknown}
 o - a scroll of enchant weapon {unknown}
Potions
 e - a potion of curing {unknown}
 h - 2 potions of haste {unknown}
 i - 2 potions of lignification {unknown}
 k - a potion of ambrosia {unknown}
 q - a potion of flight {unknown}


   Skills:
 + Level 2.0 Fighting
 - Level 1.7 Dodging
 - Level 2.1 Stealth
 + Level 2.1 Unarmed Combat
 - Level 1.7 Spellcasting
 - Level 0.8 Transmutations
 + Level 4.0 Earth Magic


You had 5 spell levels left.
You knew the following spells:

 Your Spells              Type           Power      Damage    Failure   Level
a - Sandblast             Erth           20%        2d7       5%          1

Your spell library contained the following spells:

 Spells                   Type           Power      Damage    Failure   Level
 Passwall                 Tmut/Erth      5%         N/A       16%         2
 Stone Arrow              Conj/Erth      10%        3d7       36%         3
 Ensorcelled Hibernation  Hex/Ice        2%         N/A       38%         2
 Hailstorm                Conj/Ice       1%         3d3       63%         3
 Swiftness                Air            1%         N/A       63%         3
 Petrify                  Tmut/Erth      6%         N/A       71%         4
 Simulacrum               Ice/Necr       0%         N/A       100%        6
 Ice Form                 Ice/Tmut       Unusable   N/A       N/A         4

Dungeon Overview and Level Annotations

Branches:
Dungeon (3/15)

Altars:
Okawaru
Wu Jian


Innate Abilities, Weirdness & Mutations

You are immune to poison.
You have sharp fingernails.
Your flesh is cold resistant. (rC+)
You are immune to negative energy. (rN+++)
You do not regenerate when monsters are visible.
You are immune to unholy pain and torment.
You thrive by killing the living.


Message History

The blast of sand hits the bat.
You kill the bat!
You feel better.
Aiming: Sandblast (safe; 5% risk of failure)
Press: ? - help, Q - select action, (/) - cycle Shift-Dir - straight line, f - orc priest
Aim: an orc priest, wielding a +0 trident and wearing a +0 leather armour (82% to hit)
The blast of sand hits the orc priest.
The orc priest is moderately wounded.
Aiming: Sandblast (safe; 5% risk of failure)
Press: ? - help, Q - select action, (/) - cycle Shift-Dir - straight line, f/p - orc priest
Aim: an orc priest, wielding a +0 trident and wearing a +0 leather armour (moderately wounded, 82% to hit)
The blast of sand hits the orc priest!
The orc priest is severely wounded.
The orc priest closely misses you.
The orc priest hits you from afar with a +0 trident!
You don't have enough magic to cast this spell.
The orc priest invokes the aid of Beogh against you.
Beogh smites you!
* * * LOW HITPOINT WARNING * * *
The orc wizard attacks as you move away!
The orc wizard hits you but does no damage.
Aiming: Sandblast (safe; 5% risk of failure)
Press: ? - help, Q - select action, (/) - cycle Shift-Dir - straight line, f/p - orc priest
Aim: an orc priest, wielding a +0 trident and wearing a +0 leather armour (severely wounded, 82% to hit)
The blast of sand hits the orc wizard.
The orc wizard is moderately wounded.
The orc priest casts a cantrip, but nothing happens.
The orc wizard hits you with a +0 dagger.
* * * LOW HITPOINT WARNING * * *
The orc wizard attacks as you move away!
The orc wizard hits you with a +0 dagger.
* * * LOW HITPOINT WARNING * * *
You closely miss the orc wizard.
The orc wizard is moderately wounded.
The orc wizard closely misses you.
The orc wizard attacks as you move away!
The orc wizard closely misses you.
The orc wizard attacks as you move away!
The orc wizard hits you with a +0 dagger.
You die...

. #.##. ##.# ....##.o#.
#..# #####...'o ## .
##..# #.......#. .....
...## 8....b.##.
......###..## .._..o##).
............##8.oo.##...
......##...⌠.##...##†⌠..
.....<.@oo.o..#####.....
.####.##................
.. #...##..##.###### ##
#.#####.##.# #.#
#.##.###### #.#
#....>..... ###.###
####.###...
#.....######.###...
#..................


You could see an orc priest, an orc wizard and an orc.

Vanquished Creatures
  An adder (D:2)
  3 worms (D:2)
  2 orcs (D:3)
  2 ball pythons
  7 endoplasms
  A giant cockroach (D:1)
  3 hobgoblins
  3 kobolds (D:1)
  2 quokkas
  6 bats
  A frilled lizard (D:3)
  3 goblins
  2 rats (D:1)
36 creatures vanquished.

Notes
Turn   | Place    | Note
-------+----------+-------------------------------------------
     0 | D:1      | AgateBread the Ghoul Earth Elementalist began the quest for
                  | the Orb.
     0 | D:1      | Reached XP level 1. HP: 14/14 MP: 2/2
   410 | D:1      | Reached XP level 2. HP: 3/22 MP: 1/3
   517 | D:1      | Reached skill level 1 in Fighting
   517 | D:1      | Reached skill level 1 in Unarmed Combat
  1030 | D:2      | Found a faded altar of an unknown god.
  1073 | D:2      | Reached XP level 3. HP: 28/28 MP: 2/4
  1242 | D:2      | Found an iron altar of Okawaru.
  1779 | D:3      | Found an ornate altar of the Wu Jian Council.
  1901 | D:3      | Reached skill level 4 in Earth Magic
  1963 | D:3      | Found a faded altar of an unknown god.
  1975 | D:3      | Reached XP level 4. HP: 20/36 MP: 3/5
  1993 | D:3      | Slain by an orc wizard

Illustrated notes

Levels and vault maps discovered:
D:1:      sevenhm_arrival_forest_fort_large_4, layout_basic, minmay_fountain_box
D:2:      wander_river, layout_rooms, basic_altar, nicolae_ecumenical_pavilion,
          roderic_nine_men_s_morris, grunt_decor_cap
D:3:      layout_loops_ring, mainiacjoe_overflow_chevrons,
          nicolae_overflow_ecumenical_swirl, mainiacjoe_overflow_big_doors,
          mainiacjoe_overflow_boulevard

Skill      XL: |  1  2  3 |
---------------+----------+-----
Fighting       | 1 2 |  2.0
Unarmed Combat | 1 2 |  2.1
Earth Magic    | 4 |  4.0
Dodging        | |  1.7
Stealth        | |  2.1
Spellcasting   | |  1.7
Transmutations | |  0.8

Action                     |  1- 3 |  4- 6 || total
---------------------------+-------+-------++-------
  Melee: Unarmed           |    12 |       ||    12
         Dagger            |    36 |     1 ||    37
         Punch             |     1 |       ||     1
   Cast: Sandblast         |    35 |     4 ||    39
    Use: Potion            |     1 |       ||     1
         Scroll            |     1 |       ||     1
   Stab: Sleeping          |     3 |       ||     3
 Armour: Robe              |    13 |     1 ||    14
  Dodge: Dodged            |    27 |     3 ||    30
